 Dungeon Crawl Stone Soup version 0.24.0-2-g5b39cebb1c (webtiles) character file.

Game seed: 6454504749180303070, levelgen mode: deterministic

131 Froggeryz the Sneak (level 4, -1/25 HPs)
             Began as a Deep Elf Assassin on Oct 30, 2019.
             Killed from afar by Sigmund (6 damage)
             ... with a magic dart
             ... on level 2 of the Dungeon.
             The game lasted 00:06:21 (2633 turns).

Froggeryz the Sneak (Deep Elf Assassin)             Turns: 2633, Time: 00:06:22

Health: -1/25      AC:  5    Str:  8    XL:     4   Next: 91%
Magic:  17/17      EV: 12    Int: 17    God:
Gold:   71         SH:  0    Dex: 16    Spells: 4/5 levels left

rFire    . . .     SeeInvis .   l - +2 dagger (venom)
rCold    . . .     Gourm    .   (no shield)
rNeg     . . .     Faith    .   b - +0 robe
rPois    .         Spirit   .   (no helmet)
rElec    .         Reflect  .   c - +0 cloak
rCorr    .         Harm     .   s - +1 pair of gloves
MR       .....                  (no boots)
Stlth    +++.......             (no amulet)
HPRegen  0.08/turn              r - ring of magical power
MPRegen  0.15/turn              (no ring)

@: no status effects
A: no striking features
a: no special abilities


You were on level 2 of the Dungeon.
You were hungry.

You visited 1 branch of the dungeon, and saw 2 of its levels.

You collected 71 gold pieces.

Inventory:

Hand Weapons
 a - a +2 dagger
 l - a +2 dagger of venom (weapon)
 q - a +0 hunting sling
 w - a +0 dagger of venom
Missiles
 d - 18 poisoned darts (quivered)
 e - 2 curare-tipped darts
 p - 32 sling bullets
Armour
 b - a +0 robe (worn)
 c - a +0 cloak (worn)
 s - a +1 pair of gloves (worn)
Jewellery
 r - a ring of magical power (left hand)
Scrolls
 g - a scroll of enchant armour {unknown}
 h - a scroll of blinking {unknown}
 i - a scroll of enchant weapon {unknown}
 j - a scroll of immolation {unknown}
 n - 2 scrolls of identify {unknown}
 o - a scroll of fog {unknown}
 t - 3 scrolls of magic mapping {unknown}
 v - 2 scrolls of teleportation {unknown}
Comestibles
 f - 5 rations


   Skills:
 - Level 1.5 Fighting
 - Level 4.4 Short Blades
 - Level 2.0 Throwing
 - Level 1.2 Dodging
 - Level 5.4 Stealth
 * Level 1.4 Spellcasting
 + Level 0.6 Conjurations


You had 4 spell levels left.
You knew the following spells:

 Your Spells              Type           Power        Failure   Level  Hunger
a - Magic Dart            Conj           #...         16%         1    ##.....

Your spell library contained the following spells:

 Spells                   Type           Power        Failure   Level  Hunger
 Blink                    Tloc           N/A          30%         2    ###....
 Call Imp                 Summ           #.......     30%         2    ###....
 Slow                     Hex            #.......     30%         2    ###....
 Conjure Flame            Conj/Fire      #.......     47%         3    ####...
 Mephitic Cloud           Conj/Pois/Air  #.......     50%         3    ####...


Dungeon Overview and Level Annotations

Branches:
Dungeon (2/15)

Altars:
Cheibriados

Annotations:
D:1 Robin
D:2 Sigmund


Message History

You closely miss Sigmund.
Sigmund shouts!
Sigmund hits you with a +0 scythe!
You hit Sigmund.
Sigmund is poisoned.
Sigmund is lightly wounded.
You hit Sigmund but do no damage.
Sigmund looks as sick as possible!
Sigmund is lightly wounded.
Sigmund hits you with a +0 scythe!
* * * LOW HITPOINT WARNING * * *
You aren't carrying any potions.
Okay, then.
Sigmund gestures wildly while chanting.
Sigmund flickers and vanishes!
Deactivating autopickup; reactivate with Ctrl-A.
A puff of flame appears from out of thin air!
The puff of flame misses you.
You see here a +0 club.
A magic dart appears from out of thin air!
The magic dart hits you.
You die...

# ### #...................#
## #.######....#######.# .#
#.# #....#######.#
#######.# #..........#.#
.....)..######...####.#.#.#
###..............# #.#.#.#
############...# #.#.#.#
#...# #.#.#.#
#########.@####.#.#.#
#..........)........#
#.########.####.#.###
#######.# #)# #.#.#
#.g..##.# #.# #.#.#
#.##.##.########.# #{#.#
#.##.g...........####.#.#
..##.##.########.##.....#
..##.#...#######.##.###.#


There were no monsters in sight!

Vanquished Creatures
  Natasha (twice) (D:2)
  An ooze (D:1)
  2 worms (D:2)
  A dart slug (D:2)
  3 leopard geckos
  12 bats
  3 giant cockroaches
  12 goblins
  8 hobgoblins
  3 jackals (D:1)
  4 kobolds
  A ball python (D:1)
  4 frilled lizards
  9 rats
65 creatures vanquished.

Notes
Turn   | Place    | Note
-------+----------+-------------------------------------------
     0 | D:1      | Froggeryz the Deep Elf Assassin began the quest for the
                  | Orb.
     0 | D:1      | Reached XP level 1. HP: 12/12 MP: 3/3
    40 | D:1      | Reached skill level 5 in Stealth
   152 | D:1      | You fall into a shaft and drop 1 floor!
   203 | D:2      | Reached XP level 2. HP: 13/16 MP: 4/4
   306 | D:2      | Noticed Robin
   891 | D:1      | Reached XP level 3. HP: 20/20 MP: 5/5
  1765 | D:2      | Found a snail-covered altar of Cheibriados.
  1810 | D:2      | Reached XP level 4. HP: 25/25 MP: 6/6
  1827 | D:2      | Noticed Sigmund
  2479 | D:2      | Noticed Natasha
  2489 | D:2      | Killed Natasha
  2501 | D:2      | Learned a level 1 spell: Magic Dart
  2552 | D:2      | Noticed Natasha
  2577 | D:2      | Killed Natasha
  2577 | D:2      | Reached skill level 1 in Spellcasting
  2633 | D:2      | Killed from afar by Sigmund

Levels and vault maps discovered:
D:1:      dpeg_arrival_tiny_g, layout_basic, serial_forest,
          infiniplex_forest_straight_4, infiniplex_forest_straight_1,
          infiniplex_forest_zigzag_1, infiniplex_forest_3_way,
          infiniplex_forest_lined_ring, infiniplex_forest_pool
D:2:      layout_loops_ring, old_standard_altar, serial_park_tiny_2,
          uniq_natasha, uniq_sigmund, uniq_robin

Skill      XL: |  1  2  3  4 |
---------------+-------------+-----
Stealth        | 5 |  5.4
Short Blades   | 3 4 |  4.4
Spellcasting   | 1 |  1.4
Fighting       | |  1.5
Throwing       | |  2.0
Dodging        | |  1.2
Conjurations   | |  0.6

Action                   |  1- 3 |  4- 6 || total
-------------------------+-------+-------++-------
Melee: Dagger            |   187 |    56 ||   243
 Fire: Hunting sling     |     7 |       ||     7
Throw: Dart              |     5 |       ||     5
  Use: Potion            |     2 |     1 ||     3
 Stab: Sleeping          |    11 |     2 ||    13
       Distracted        |     1 |       ||     1
  Eat: Chunk             |     3 |     2 ||     5
Armor: Robe              |    42 |    29 ||    71
Dodge: Dodged            |   114 |    64 ||   178
